AoeStats
← Perro Solar

Enclosed

503902712Analyzed
1v1 RM · 28d ago on Sep 2, 2026· 26m 54s· 2 players
Game mode
Random Map
Map size
Tiny (2 player)
Population
200
Speed
Normal
Resources
Standard
Victory
Conquest
Starting age
Dark Age
Ending age
Imperial Age
RankedLock teamsTeams togetherTeam positionsShared explorationLock speedFull tech treeHidden civsTurbo modeCheats
Victory
Defeat
🇦🇷 Franks · Argentina
1171
+18
🇬🇷 Romans · Greece
1211
-18
Perro Solar
7:15 Loom
9:27 Feudal Age
10:19 Double-Bit Axe
12:52 Wheelbarrow
17:54 Castle Age
16:25 Scale Barding Armor
18:35 Forging
18:37 Gold Mining
26:06 Bow Saw
OLYMPIAKOS
6:14 Loom
9:07 Feudal Age
13:31 Castle Age
14:41 Town Watch
22:07 Pikeman
24:06 Ballistics
Connection lost

Rejoining the realm…

Still unreachable

The connection could not be restored.

Session expired

The server has moved on; the page needs a fresh start.